 Dungeon Crawl Stone Soup version 0.25-a0-294-gea9b1ad378 (webtiles) character file.

Game seed: 1104130245306309767, levelgen mode: deterministic

206 Lanoc the Ducker (level 5, 0/34 HPs)
             Began as a Minotaur Venom Mage on Dec 19, 2019.
             Was an Initiate of Hepliaklqana.
             Killed by divine providence
             ... invoked by an orc priest
              (12 damage)
             ... on level 3 of the Dungeon.
             The game lasted 00:08:08 (2456 turns).

Lanoc the Ducker (Minotaur Venom Mage)              Turns: 2456, Time: 00:08:09

Health: 0/34       AC:  6    Str: 13    XL:     5   Next: 53%
Magic:  6/6        EV: 11    Int: 12    God:    Hepliaklqana [......]
Gold:   142        SH: 11    Dex: 11    Spells: 5/6 levels left

rFire    . . .     SeeInvis .   q - +6 club
rCold    . . .     Gourm    .   f - +2 shield {AC+3}
rNeg     . . .     Faith    .   a - +0 robe
rPois    .         Spirit   .   (helmet restricted)
rElec    .         Reflect  .   (no cloak)
rCorr    .         Harm     .   (no gloves)
MR       .....                  w - +0 pair of boots
Stlth    ++........             (no amulet)
HPRegen  0.11/turn              p - +3 ring of slaying
MPRegen  0.10/turn              h - ring of flight

@: no status effects
A: retaliatory headbutt, reduced essence, horns 2
a: Recall Ancestor, Ancestor Identity, Renounce Religion, Evoke Flight


You were on level 3 of the Dungeon.
You worshipped Hepliaklqana.
Hepliaklqana was noncommittal.
You were not hungry.

You visited 1 branch of the dungeon, and saw 3 of its levels.

You collected 142 gold pieces.

Inventory:

Hand Weapons
 q - a +6 club (weapon)
Missiles
 b - 97 stones (quivered)
 j - 74 arrows
 r - 19 sling bullets
Armour
 a - a +0 robe (worn)
 f - a +2 shield of protection (worn)
 w - a +0 pair of boots (worn)
Jewellery
 h - a ring of flight (right hand)
 p - a +3 ring of slaying (left hand)
Scrolls
 d - 2 scrolls of remove curse {unknown}
 g - a scroll of teleportation {unknown}
 k - 2 scrolls of random uselessness {unknown}
 l - 2 scrolls of identify {unknown}
 o - a scroll of enchant armour {unknown}
 t - a scroll of enchant weapon {unknown}
 y - a scroll of amnesia {unknown}
Potions
 e - a potion of degeneration {unknown}
 i - 2 potions of heal wounds {unknown}
 m - 5 potions of curing {unknown}
 n - a potion of ambrosia {unknown}
 s - 3 potions of brilliance {unknown}
 u - a potion of flight {unknown}
 v - a potion of resistance {unknown}
 z - a potion of agility {unknown}
Comestibles
 c - 11 rations
 x - 7 chunks of flesh


   Skills:
 + Level 1.2 Armour
 + Level 4.5 Dodging
 - Level 1.5 Stealth
 * Level 4.4 Shields
 - Level 1.3 Spellcasting
 - Level 0.7 Transmutations
 - Level 2.1 Poison Magic


You had 5 spell levels left.
You knew the following spells:

 Your Spells              Type           Power        Failure   Level  Hunger
a - Sting                 Tmut/Pois      #...         54%         1    ##.....

Your spell library contained the following spells:

 Spells                   Type           Power        Failure   Level  Hunger
 Poisonous Vapours        Pois/Air       #.....       73%         2    ###....
 Ignite Poison            Fire/Tmut/Pois #.......     93%         3    ####...
 Mephitic Cloud           Conj/Pois/Air  #.......     95%         3    ####...
 Olgreb's Toxic Radiance  Pois           #.......     99%         4    #####..


Dungeon Overview and Level Annotations

Branches:
Dungeon (3/15)

Altars:
Hepliaklqana
Kikubaaqudgha
Ru

Annotations:
D:3 Ijyb


Innate Abilities, Weirdness & Mutations

You reflexively headbutt those who attack you in melee.
You have a pair of horns on your head.
Your life essence is reduced to manifest your ancestor. (-10% HP)


Message History

Unknown command.
You hit Ijyb but do no damage. You headbutt Ijyb.
Ijyb is severely wounded.
The orc priest calls down the wrath of Beogh upon you.
Beogh smites you! You block Ijyb's attack.
Unknown command.
You swap places.
Ijyb zaps a wand.
Nenetl resists with significant effort.
The orc wizard casts a spell.
The orc wizard seems to speed up.
Nenetl barely misses Ijyb.
Ijyb closely misses Nenetl.
The orc priest looks satisfied for a moment.
Nenetl hits Ijyb but does no damage.
Ijyb hits Nenetl with a +0 club.
Nenetl hits Ijyb.
There is a stone staircase leading up here.
Ijyb hits Nenetl but does no damage.
Nenetl hits Ijyb.
Ijyb hits Nenetl with a +0 club.
The orc priest invokes the aid of Beogh against you.
Beogh smites you!
You die...

########.....
#....o...#######
######.###oo....g....
#......# #o##.####.#
#.###### #g##.# #.#
#R##.# #.# #.##o#
#.########.##o#
##........@.##.#
#..###########o#
#.....# #....ooo.
#.###.## ####.o..o
###.##...## ....
..........# .o.
###.##....# ..
#.###.#.# . #.#
#.#.##


You could see the friendly Nenetl the ancestor, Ijyb, an orc priest, an orc
wizard and 2 orcs.

Vanquished Creatures
  An orc priest (D:3)
  Jessica (D:2)
  An orc wizard (D:3)
  2 adders
  2 worms
  2 dart slugs
  4 leopard geckos
  7 orcs (D:3)
  A ball python (D:2)
  7 giant cockroaches
  10 hobgoblins
  2 jackals (D:2)
  6 kobolds
  3 quokkas (D:2)
  10 bats
  6 frilled lizards
  13 goblins
  8 rats
86 creatures vanquished.

Notes
Turn   | Place    | Note
-------+----------+-------------------------------------------
     0 | D:1      | Lanoc the Minotaur Venom Mage began the quest for the Orb.
     0 | D:1      | Reached XP level 1. HP: 14/14 MP: 1/1
    33 | D:1      | Found an ancient bone altar of Kikubaaqudgha.
   146 | D:1      | Reached XP level 2. HP: 2/20 MP: 0/3
   709 | D:1      | Reached skill level 1 in Shields
   784 | D:1      | Reached XP level 3. HP: 21/26 MP: 4/4
  1623 | D:2      | Noticed Jessica
  1632 | D:2      | Killed Jessica
  1632 | D:2      | Reached XP level 4. HP: 27/33 MP: 5/5
  1674 | D:2      | Found a sacrificial altar of Ru.
  2101 | D:2      | Found a hazy altar of Hepliaklqana.
  2150 | D:2      | Became a worshipper of Hepliaklqana the Forgotten
  2354 | D:3      | Reached XP level 5. HP: 32/34 MP: 6/6
  2416 | D:3      | Reached skill level 1 in Armour
  2425 | D:3      | Noticed Ijyb
  2444 | D:3      | Paralysed by Ijyb for 4 turns
  2456 | D:3      | Killed from afar by an orc priest

Levels and vault maps discovered:
D:1:      minmay_arrival_four_houses, layout_loops_ring, minmay_misc_feat_roman,
          minmay_misc_feat_doors, kennysheep_flooded_box
D:2:      layout_loops_ring, nicolae_overflow_crystal_walls, old_standard_altar,
          first_ration, minmay_quadrilaterals, uniq_jessica
D:3:      layout_loops_ring, uniq_sigmund, uniq_ijyb

Skill      XL: |  1  2  3  4  5 |
---------------+----------------+-----
Dodging        | 3 4 |  4.5
Shields        | 1 2 4 |  4.4
Armour         | 1 |  1.2
Stealth        | |  1.5
Spellcasting   | |  1.3
Transmutations | |  0.7
Poison Magic   | |  2.1

Action                   |  1- 3 |  4- 6 || total
-------------------------+-------+-------++-------
Melee: Unarmed           |    29 |       ||    29
       Headbutt          |    16 |     8 ||    24
       Club              |    76 |    73 ||   149
 Cast: Sting             |    15 |       ||    15
 Stab: Sleeping          |     1 |     3 ||     4
  Eat: Chunk             |     3 |     3 ||     6
Armor: Robe              |    36 |    13 ||    49
Dodge: Dodged            |    56 |    26 ||    82
Block: Shield            |    41 |    26 ||    67

Table legend:
 A = Non-vault XP
 B = Vault XP
 C = Vault XP percentage of total XP
 D = Non-vault monster count
 E = Vault monster count
 F = Vault count percentage of total count
                 A         B        C        D         E       F
            +---------+---------+-------+---------+---------+-------
      Total |     236 |      59 |  20.0 |      81 |       5 |   5.8
            +---------+---------+-------+---------+---------+-------
        D:1 |      53 |       0 |   0.0 |      29 |       0 |   0.0
        D:2 |      55 |      59 |  51.8 |      32 |       5 |  13.5
        D:3 |     128 |       0 |   0.0 |      20 |       0 |   0.0
            +---------+---------+-------+---------+---------+-------
